 Dungeon Crawl Stone Soup version 0.28-a0-48-gfd831c5874 (webtiles) character file.

Game seed: 6592960320092818976

95 bande the Shield-Bearer (level 4, -8/29 HPs)
             Began as a Gargoyle Fighter on July 30, 2021.
             Mangled by an ogre (20 damage)
             ... on level 4 of the Dungeon.
             The game lasted 00:05:15 (3362 turns).

bande the Shield-Bearer (Gargoyle Fighter)          Turns: 3362, Time: 00:05:15

Health: -8/29      AC: 13    Str: 20    XL:     4   Next: 66%
Magic:  0/4        EV:  5    Int:  8    God:
Gold:   70         SH:  9    Dex: 10    Spells: 3/3 levels left

rFire   + . .      SeeInvis .   a - +1 war axe
rCold   + . .      Faith    .   c - +0 kite shield
rNeg    + . .      Spirit   +   p - +0 chain mail
rPois   ∞          Reflect  .   (no helmet)
rElec   +          Harm     .   g - scarf {rC+ rF+}
rCorr   .          Rampage  .   (no gloves)
Will    .....                   (no boots)
Stlth   ..........              e - amulet of guardian spirit
HPRegen 0.09/turn               (no ring)
MPRegen 0.09/turn               (no ring)

@: no status effects
A: sickness immunity, AC +3, negative energy resistance 1, electricity
resistance, torment resistance 1, petrification resistance
a: no special abilities


You were on level 4 of the Dungeon.
You visited 1 branch of the dungeon, and saw 4 of its levels.

You collected 70 gold pieces.

Inventory:

Hand Weapons
 a - a +1 war axe (weapon)
Armour
 c - a +0 kite shield (worn)
 g - a scarf of resistance (worn)
 p - a +0 chain mail (worn)
Jewellery
 e - an amulet of guardian spirit (around neck)
 h - a +6 ring of intelligence
Potions
 b - a potion of cancellation
 d - a potion of might
 l - a potion of lignification {unknown}
 m - a potion of curing {unknown}


   Skills:
 + Level 3.7 Fighting
 + Level 2.7 Axes
 + Level 4.0 Armour
 + Level 0.2 Dodging
 - Level 0.2 Stealth
 + Level 4.1 Shields


You had 3 spell levels left.
You didn't know any spells.
Your spell library contained the following spells:

 Spells                   Type           Power      Damage    Failure   Level
 Wereblood                Tmut           0%         N/A       100%        2
 Petrify                  Tmut/Erth      0%         N/A       100%        4
 Irradiate                Conj/Tmut      0%         3d13      100%        5
 Summon Hydra             Summ           0%         N/A       100%        7
 Sublimation of Blood     Necr           Unusable   N/A       N/A         2

Dungeon Overview and Level Annotations

Branches:
Dungeon (4/15)
 Temple: D:4-7

Altars:
Ashenzari

Shops:
D:1 !


Innate Abilities, Weirdness & Mutations

You are immune to sickness and miasma.
Your stone body is resilient. (AC +3)
You are immune to poison.
You resist negative energy. (rN+)
You are resistant to electric shocks. (rElec)
You are resistant to unholy torment.
You are immune to petrification.


Message History

The adder bites you. The adder bites you but does no damage.
You hit the adder.
You kill the adder!
No target in view!
No target in view!
No target in view!
No target in view!
No target in view!
No target in view!
No target in view!
No target in view!
No target in view!
No target in view!
No target in view!
Your orc's inner flame fades away.
Your giant cockroach's inner flame fades away.
Magic restored.
You swap places.
You swap places.
You see here an adder corpse.
You swap places.
An ogre comes into view. It is wielding a +0 giant spiked club.
The ogre shouts!
Your orc dissolves into shadows!
An ogre is nearby!
Your giant cockroach dissolves into shadows!
Your shield prevents you from hitting the ogre.
The ogre hits you with a +0 giant spiked club.
The ogre hits you with a +0 giant spiked club!
You hit the ogre.
The ogre is moderately wounded.
You block the ogre's attack.
You slash the ogre!
The ogre is heavily wounded.
The ogre hits you with a +0 giant spiked club.
You hit the ogre.
The ogre is heavily wounded.
The ogre hits you with a +0 giant spiked club!!
Ouch! That really hurt!
You die...

#.. #.# #.# #.#
##.### ....# #
#O#.# #.# #@#.#
#.. #.#.########
### #>..†.......
.....
#.....#.#######.
..... #.....#.#
....
#.....#.#######
...
#.....#.......+
.. ..
#.....#########
. .. #.....#


You could see an ogre.

Vanquished Creatures
  4 adders
  3 dart slugs
  3 orcs (D:3)
  4 ball pythons
  2 endoplasms (D:2)
  3 giant cockroaches
  4 hobgoblins (D:1)
  2 jackals (D:1)
  A quokka (D:1)
  A bat (D:1)
  4 frilled lizards
  9 goblins
  4 kobolds
  4 rats (D:1)
48 creatures vanquished.

Vanquished Creatures (others)
  A plant (D:1)
1 creature vanquished.

Grand Total: 49 creatures vanquished

Notes
Turn   | Place    | Note
-------+----------+-------------------------------------------
     0 | D:1      | bande the Gargoyle Fighter began the quest for the Orb.
     0 | D:1      | Reached XP level 1. HP: 14/14 MP: 1/1
   253 | D:1      | Reached XP level 2. HP: 14/19 MP: 2/2
   688 | D:1      | Reached XP level 3. HP: 18/23 MP: 3/3
   836 | D:1      | Found Cohetem's Distillery.
  1010 | D:1      | Found a faded altar of an unknown god.
  2030 | D:2      | Reached XP level 4. HP: 25/28 MP: 4/4
  2855 | D:3      | Found a broken altar of Ashenzari.
  3355 | D:4      | Noticed an ogre
  3362 | D:4      | Mangled by an ogre

Illustrated notes

Levels and vault maps discovered:
D:1:      minmay_arrival_split_and_join, layout_loops_corners, serial_shops,
          shop, shapermc_ecumenical_altar_mp_urbaneastern,
          hangedman_decor_opposing
D:2:      layout_rooms
D:3:      layout_loops_ring, cheibrodos_ashenzari_chains
D:4:      layout_basic

Skill      XL: |  1  2  3  4 |
---------------+-------------+-----
Axes           | 2 |  2.7
Shields        | 4 |  4.1
Armour         | 4 |  4.0
Fighting       | |  3.7
Dodging        | |  0.2
Stealth        | |  0.2

Action                   |  1- 3 |  4- 6 || total
-------------------------+-------+-------++-------
Melee: War axe           |   104 |    66 ||   170
  Use: Potion            |     2 |       ||     2
       Scroll            |       |     6 ||     6
Armor: Scale mail        |    62 |    25 ||    87
       Chain mail        |       |    17 ||    17
Dodge: Dodged            |    49 |    18 ||    67
Block: Kite shield       |    64 |    27 ||    91

Table legend: (Time is in decaauts)
 A = Elapsed time spent in this place.
 B = Non-inter-level travel time spent in this place.
 C = Inter-level travel time spent in this place.
 D = Time resting spent in this place.
 E = Time spent auto-exploring this place.
 F = Levels seen in this place.
 G = Mean time per level.
                   A        B        C        D        E       F      G
               +--------+--------+--------+--------+--------+-----+--------+
         Total |   3464 |   3288 |    176 |    408 |   2170 |   4 |  866.0 |
       Dungeon |   3464 |   3288 |    176 |    408 |   2170 |   4 |  866.0 |
               +--------+--------+--------+--------+--------+-----+--------+

Top non-repeatable levels by time:
     D:1: 1616 daAuts
     D:2: 972 daAuts
     D:3: 699 daAuts
     D:4: 176 daAuts
